 Dungeon Crawl Stone Soup version 0.31-a0-4-gefa6de2278 (webtiles) character file.

Game seed: 10589743779835700966

6349 jasper the Fighter (level 10, -23/111 HPs)
             Began as an Ogre Earth Elementalist on May 3, 2023.
             Was a Believer of Kikubaaqudgha.
             Annihilated by a sun demon (27 damage)
             ... summoned by a kobold demonologist
             ... on level 9 of the Dungeon.
             The game lasted 00:11:25 (7814 turns).

jasper the Fighter (Ogre Earth Elementalist)        Turns: 7814, Time: 00:11:25

Health: -23/111    AC: 10    Str: 14      XL:     10   Next: 96%
Magic:  30/32      EV:  7    Int: 20      God:    Kikubaaqudgha [**....]
Gold:   1419       SH: 15    Dex:  8 (9)  Spells: 14/27 levels left

rFire   x . .        m - staff of earth
rCold   . . .        r - +2 kite shield {AC+3}
rNeg    . . .        E - +0 troll leather armour
rPois   +            g - +2 hat {Will+}
rElec   .            (no cloak)
rCorr   +            (gloves unavailable)
SInv    .            (boots unavailable)
Will    ++...        y - amulet "Xiagixt" {Reflect Fly rPois rF- rCorr SH+5}
Stlth   +            d - ring of magical power
HPRegen 1.18/turn    B - ring of resist corrosion
MPRegen 0.23/turn

%: reflection
@: flying, studying Translocations
A: large, unfitting armour, tough skin 1
a: Renounce Religion, Unearth Wretches


You were on level 9 of the Dungeon.
You worshipped Kikubaaqudgha.
Kikubaaqudgha was pleased with you.
You visited 2 branches of the dungeon, and saw 10 of its levels.

You collected 1587 gold pieces.
You spent 168 gold pieces at shops.

Inventory:

Hand Weapons
 c - a +1 whip
Missiles
 t - a throwing net
 v - 4 large rocks
Armour
 a - a +0 robe
 g - a +2 hat of willpower (worn)
 r - a +2 kite shield of protection (worn)
 C - +0 swamp dragon scales
 E - a +0 troll leather armour (worn)
Magical Staves
 m - a staff of earth (weapon)
 z - a staff of cold
Jewellery
 d - a ring of magical power (left hand)
 y - the amulet "Xiagixt" (around neck) {Reflect Fly rPois rF- rCorr SH+5}
   (You found it on level 5 of the Dungeon)

   [amulet of reflection]

   It reflects blocked missile attacks.
   rF:        It makes you vulnerable to fire.
   rPois:     It protects you from poison.
   Fly:       It grants you flight.
   rCorr:     It protects you from acid and corrosion.
   SH:        It affects your SH (+5).
 B - a ring of resist corrosion (right hand)
Wands
 n - a wand of roots (16)
 q - a wand of polymorph (9)
 A - a wand of flame (25)
Scrolls
 o - 2 scrolls of immolation
 x - a scroll of teleportation
 G - a scroll of magic mapping
Potions
 b - a potion of magic
 e - 4 potions of curing
 f - 2 potions of flight
 h - 3 potions of brilliance
 i - a potion of haste
 j - 2 potions of berserk rage
 k - 2 potions of resistance
 l - 4 potions of degeneration
 p - a potion of mutation {unknown}
 w - a potion of attraction {unknown}
Miscellaneous
 u - a condenser vane (inert)


   Skills:
 + Level 10.5 Fighting
 - Level 1.7 Dodging
 - Level 1.4 Stealth
 * Level 5.7 Shields
 + Level 9.2 Spellcasting
 - Level 5.0 Conjurations
 - Level 0.8 Transmutations
 - Level 8.0 Earth Magic


You had 14 spell levels left.
You knew the following spells:

 Your Spells              Type           Power      Damage    Failure   Level
a - Sandblast             Erth           100%       2d20      1%          1
b - Passwall              Tmut/Erth      33%        N/A       7%          2
c - Stone Arrow           Conj/Erth      100%       3d13      6%          3
d - Borgnjor's Vile Clut  Necr/Erth      18%        N/A       83%         5
e - Sublimation of Blood  Necr           9%         N/A       38%         2

Your spell library contained the following spells:

 Spells                   Type           Power      Damage    Failure   Level
 Kiss of Death            Conj/Necr      76%        2d11      10%         1
 Static Discharge         Conj/Air       38%        2-4/arc   16%         2
 Necrotise                Necr           36%        1d5       28%         1
 Summon Small Mammal      Summ           36%        N/A       28%         1
 Ensorcelled Hibernation  Hex/Ice        18%        N/A       38%         2
 Petrify                  Tmut/Erth      40%        N/A       41%         4
 Spider Form              Tmut/Pois      11%        N/A       56%         3
 Call Canine Familiar     Summ           9%         N/A       63%         3
 Ozocubu's Armour         Ice            9%         N/A       63%         3
 Summon Guardian Golem    Hex/Summ       9%         N/A       63%         3
 Vhi's Electric Charge    Tloc/Air       18%        N/A       63%         3
 Airstrike                Air            4%         2d(1-17)  95%         4
 Anguish                  Hex/Necr       4%         N/A       95%         4
 Animate Dead             Necr           9%         N/A       95%         4
 Summon Lightning Spire   Summ/Air       9%         N/A       95%         4
 Arcjolt                  Conj/Air       9%         1d19      95%         5
 Alistair's Intoxication  Tmut/Pois      7%         N/A       99%         5
 Eringya's Noxious Bog    Tmut/Pois      5%         N/A       100%        6
 Plasma Beam              Fire/Air       4%         2x1d16    100%        6
 Ozocubu's Refrigeration  Ice            4%         4d8       100%        7


Dungeon Overview and Level Annotations

Branches:
Dungeon (9/15)             Temple (1/1) D:4
   Lair: D:8-11         Orc: D:9-12

Altars:
Ashenzari
Elyvilon
Fedhas
Gozag
Hepliaklqana
Kikubaaqudgha
Nemelex Xobeh
Okawaru
Qazlal
Ru
Trog
Uskayaw
Xom
Yredelemnul
Zin
The Shining One

Shops:
D:1 [   D:2 (

Annotations:
D:7 2 transporters


Innate Abilities, Weirdness & Mutations

You are too large for most types of armour.
You have tough skin. (AC +1)


Message History

Press: ? - help, Shift-Dir - straight line, f/p - kobold demonologist
Aim: a kobold demonologist, wielding a +0 dagger and wearing a +0 robe (severely wounded, 80% to hit)
Okay, then.
Okay, then.
You feel much better.
You feel yourself speed up.
The crimson imp disappears in a puff of smoke!
You block the quasit's attack. x2; The quasit closely misses you.
The white imp completely misses you.
You block the kobold demonologist's attack.
The kobold demonologist hits you but does no damage.
The sun demon hits you!
* * * LOW HITPOINT WARNING * * *
You are engulfed in flames!
The fire burns you terribly!
* * * LOW HITPOINT WARNING * * *
The white imp is engulfed in blazing flames.
You kill the white imp!
The white imp disappears in a puff of smoke!
You block the quasit's attack.
The quasit claws you but does no damage. x2
You take 11 damage, and have 10/111 hp.
The kobold demonologist attacks as you move away!
You block the kobold demonologist's attack.
The kobold demonologist attacks as you move away!
The kobold demonologist hits you with a +0 dagger.
* * * LOW HITPOINT WARNING * * *
The quasit attacks as you move away!
The quasit bites you but does no damage.
The quasit claws you.
* * * LOW HITPOINT WARNING * * *
You feel clumsy. You block the quasit's attack.
The white imp shouts, "Run away, thou gleeking fool-headed apple-john!"
You block the white imp's attack.
The kobold demonologist casts a spell.
The sun demon hits you.
* * * LOW HITPOINT WARNING * * *
You are engulfed in flames!!
The fire burns you terribly!
You die...
Kikubaaqudgha rasps: "You have failed me!
Welcome... death!"

#######################
#......................
#######..#####...#####
#..# #...# #..# #...#
#..# #@55# #..# #K3.#
#######..# #K5gg5#.#.
#........# #..K§5g☼..
#........# #...#.#.#.
#........#####>.5#5Kg..
#................#.#.#.
#................. ....
#........#####.... ..○


You could see a sun demon (summoned), 3 kobold demonologists, a gnoll sergeant,
2 quasits, 3 gnolls, a crimson imp (summoned), 3 white imps, an ufetubus
(summoned) and a kobold.

Vanquished Creatures
  Pikel (D:7)
  Joseph (D:7)
  Maggie (D:6)
  An unseen horror (D:9)
  A hornet (D:9)
  A troll (D:6)
  Grinder (D:4)
  Prince Ribbit (D:7)
  Sigmund (D:4)
  A wyvern (D:8)
  A water moccasin (D:7)
  A sky beast (D:7)
  5 black bears
  An ice beast (D:7)
  An ogre (D:6)
  2 centaurs
  A phantom (D:4)
  A lemure (D:6)
  2 kobold brigands
  A wyvern zombie (D:6)
  A gnoll sergeant (D:9)
  4 scorpions
  2 bullfrogs
  17 wights
  A water moccasin zombie (D:6)
  4 killer bees (D:9)
  2 howler monkeys
  3 bullfrog zombies (D:6)
  2 hounds (D:6)
  An orc priest (D:5)
  A gnoll bouda (D:6)
  A human zombie (D:6)
  A sleepcap (D:5)
  Ijyb (D:3)
  7 iguanas
  5 orc wizards
  3 mummies (D:6)
  Robin (D:3)
  11 gnolls
  6 adders
  A white imp (D:5)
  2 worms (D:2)
  3 dart slugs
  16 orcs
  10 endoplasms
  6 giant cockroaches
  12 goblins
  10 hobgoblins
  3 jackals (D:2)
  10 kobolds
  6 quokkas
  6 ball pythons
  7 bats
  5 frilled lizards
  5 rats
202 creatures vanquished.

Notes
Turn   | Place    | Note
-------+----------+-------------------------------------------
     0 | D:1      | jasper the Ogre Earth Elementalist began the quest for the
                  | Orb.
     0 | D:1      | Reached XP level 1. HP: 16/16 MP: 3/3
   284 | D:1      | Reached skill level 1 in Fighting
   284 | D:1      | Reached XP level 2. HP: 27/27 MP: 5/5
   341 | D:1      | Found a faded altar of an unknown god.
   710 | D:1      | Found Musaid's Antique Armour Emporium.
   893 | D:2      | Learned a level 2 spell: Passwall
   948 | D:2      | Reached XP level 3. HP: 21/33 MP: 7/7
  1081 | D:2      | Learned a level 3 spell: Stone Arrow
  1197 | D:2      | Found Kadautia's Antique Weapon Shop.
  1292 | D:2      | Reached skill level 2 in Fighting
  1572 | D:2      | Reached XP level 4. HP: 42/42 MP: 8/8
  2018 | D:2      | Identified 2 scrolls of acquirement
  2018 | D:2      | Acquired a staff of earth
  2020 | D:2      | Acquired 1037 gold pieces
  2107 | D:1      | Bought a runed hat for 168 gold pieces
  2443 | D:3      | Reached XP level 5. HP: 52/52 MP: 10/10
  2526 | D:3      | Noticed Ijyb
  2535 | D:3      | Killed Ijyb
  2536 | D:3      | Reached skill level 3 in Fighting
  2786 | D:3      | Noticed Robin
  2790 | D:3      | Killed Robin
  3129 | D:4      | Noticed a black bear
  3135 | D:4      | Killed a black bear
  3136 | D:4      | Reached XP level 6. HP: 57/62 MP: 12/12
  3202 | D:4      | Reached skill level 4 in Fighting
  3202 | D:4      | Reached skill level 5 in Earth Magic
  3635 | D:4      | Found a staircase to the Ecumenical Temple.
  3647 | Temple   | Entered the Ecumenical Temple
  3748 | Temple   | Became a worshipper of Kikubaaqudgha
  3802 | D:4      | Reached XP level 7. HP: 71/71 MP: 13/13
  3808 | D:4      | Learned a level 5 spell: Borgnjor's Vile Clutch
  3823 | D:4      | Noticed Grinder
  3828 | D:4      | Killed Grinder
  3836 | D:4      | Reached skill level 5 in Fighting
  3843 | D:4      | Reached skill level 5 in Spellcasting
  4024 | D:4      | Noticed Sigmund
  4028 | D:4      | Killed Sigmund
  4029 | D:4      | Reached XP level 8. HP: 81/81 MP: 16/16
  4189 | D:5      | Entered Level 5 of the Dungeon
  4202 | D:5      | Identified the amulet "Xiagixt" {Reflect Fly rPois rF-
                  | rCorr SH+5}
  4290 | D:5      | Reached skill level 6 in Fighting
  4528 | D:5      | Reached * piety under Kikubaaqudgha
  4528 | D:5      | Received a gift from Kikubaaqudgha
  4532 | D:5      | Learned a level 2 spell: Sublimation of Blood
  4542 | D:5      | Reached skill level 7 in Fighting
  4869 | D:5      | Found a sacrificial altar of Ru.
  5037 | D:6      | Reached XP level 9. HP: 74/93 MP: 18/18
  5114 | D:6      | Acquired a +2 kite shield of protection
  5148 | D:6      | Reached skill level 1 in Conjurations
  5222 | D:6      | Noticed Maggie
  5228 | D:6      | Killed Maggie
  5609 | D:6      | Noticed a troll
  5612 | D:6      | Killed a troll
  5613 | D:6      | Reached skill level 8 in Fighting
  5676 | D:6      | Found an iron altar of Okawaru.
  6005 | D:6      | Found a basalt altar of Yredelemnul.
  6045 | D:6      | Reached XP level 10. HP: 104/106 MP: 21/21
  6089 | D:6      | Reached skill level 9 in Fighting
  6089 | D:6      | Reached skill level 5 in Conjurations
  6132 | D:7      | Noticed Pikel
  6132 | D:7      | Noticed Prince Ribbit
  6143 | D:6      | Reached skill level 1 in Shields
  6238 | D:7      | Found a transporter.
  6405 | D:7      | Found a stormy altar of Qazlal.
  6427 | D:7      | Killed Prince Ribbit
  6438 | D:7      | Killed Pikel
  6439 | D:7      | Noticed Joseph
  6456 | D:7      | Killed Joseph
  6456 | D:7      | Reached ** piety under Kikubaaqudgha
  6762 | D:7      | Found a transporter.
  6920 | D:8      | Reached skill level 10 in Fighting
  6996 | D:8      | Identified the +3 trident of Red Wine {spect, Fragile MP+9
                  | Str+3}
  7677 | D:9      | Reached skill level 5 in Shields
  7732 | D:9      | Killed an unseen horror
  7804 | D:9      | Noticed a kobold demonologist
  7804 | D:9      | Noticed a kobold demonologist
  7805 | D:9      | Noticed a kobold demonologist
  7810 | D:9      | Noticed a sun demon
  7814 | D:9      | HP: 4/111 [sun demon[a kobold demonologist] (5)]
  7814 | D:9      | Annihilated by a sun demon

Illustrated notes

Levels and vault maps discovered:
D:1:      pf_arrival_petrified_forest, layout_basic, serial_shops, shop,
          chequers_ecumenical_altar_simple
D:2:      wad_crossroads, layout_loops_corners, serial_shops,
          nicolae_shop_peninsula, minmay_box_of_dots
D:3:      layout_loops_ring, chequers_garden, dreamdust_mushroom_princess,
          uniq_ijyb, uniq_robin
D:4:      layout_loops_ring, temple_green, uniq_sigmund, uniq_grinder
D:5:      minmay_spotlight, layout_rooms, lemuel_coloured_pillars_altar
D:6:      layout_basic, mainiacjoe_overflow_tiny_flanked,
          lemuel_mausoleum_altar_yredelemnul, uniq_maggie
D:7:      gammafunk_steamed_eel, layout_basic, nicolae_qazlal_beasts_of_the_sky,
          chequers_mini_garden, minmay_large_rounded_square, uniq_pikel,
          uniq_prince_ribbit1, uniq_joseph
D:8:      layout_loops_cross, nicolae_elevator_lobby_asterisk
D:9:      layout_small_grid, serial_glass, glass_columns_a, glass_columns_a,
          glass_columns_b, glass_columns_b, glass_columns_c, glass_columns_b,
          glass_columns_a, glass_columns_b, glass_columns_c, glass_columns_a
Temple:   hc_temple_tempest_star

Skill      XL: |  1  2  3  4  5  6  7  8  9 10 |
---------------+-------------------------------+-----
Fighting       | 1 2 3 4 5 7 8 10 | 10.5
Earth Magic    | 3 4 5 6 7 8 |  8.0
Spellcasting   | 3 4 5 6 7 9 |  9.2
Conjurations   | 4 5 |  5.0
Shields        | 5 |  5.7
Dodging        | |  1.7
Stealth        | |  1.4
Transmutations | |  0.8

Action                     |  1- 3 |  4- 6 |  7- 9 | 10-12 || total
---------------------------+-------+-------+-------+-------++-------
  Melee: Staff             |       |     9 |       |     1 ||    10
   Cast: Sandblast         |    55 |    92 |   123 |    87 ||   357
  Evoke: Condenser vane    |       |       |       |     1 ||     1
    Use: Scroll            |     2 |     2 |     7 |     9 ||    20
         Potion            |       |       |       |     1 ||     1
 Armour: Robe              |     5 |    16 |     5 |       ||    26
         Troll leather arm |       |       |     6 |    40 ||    46
  Dodge: Dodged            |     9 |    11 |    19 |    24 ||    63
  Block: Other             |       |       |     2 |       ||     2
         Kite shield       |       |       |     9 |    57 ||    66
         Reflection        |       |       |       |     3 ||     3

Table legend: (Time is in decaauts)
 A = Elapsed time spent in this place.
 B = Non-inter-level travel time spent in this place.
 C = Inter-level travel time spent in this place.
 D = Time resting spent in this place.
 E = Time spent auto-exploring this place.
 F = Levels seen in this place.
 G = Mean time per level.
                   A        B        C        D        E       F      G
               +--------+--------+--------+--------+--------+-----+--------+
         Total |   7999 |   7622 |    377 |    136 |   6291 |  10 |  799.9 |
       Dungeon |   7871 |   7520 |    351 |    136 |   6209 |   9 |  874.6 |
        Temple |    128 |    102 |     26 |      0 |     82 |   1 |  128.0 |
               +--------+--------+--------+--------+--------+-----+--------+

Top non-repeatable levels by time:
     D:2: 1263 daAuts
     D:6: 1255 daAuts
     D:3: 994 daAuts
     D:4: 965 daAuts
     D:1: 920 daAuts
     D:5: 820 daAuts
     D:7: 724 daAuts
     D:8: 718 daAuts
     D:9: 207 daAuts
  Temple: 128 daAuts
